 Dungeon Crawl Stone Soup version 0.17.0-56-gd8de76c (console) character file.

77 Kloppie the Skirmisher (level 4, -3/38 HPs)
             Began as a Formicid Fighter on Dec 6, 2015.
             Slain by an ogre
             ... wielding a +0 giant club
              (11 damage)
             ... on level 4 of the Dungeon.
             The game lasted 00:02:45 (1745 turns).

Kloppie the Skirmisher (Formicid Fighter)           Turns: 1745, Time: 00:02:45

Health: -3/38      AC:  6    Str: 20    XL:     4   Next: 60%
Magic:  4/4        EV:  7    Int:  8    God:
Gold:   53         SH:  9    Dex: 11    Spells: 0 memorised, 3 levels left

rFire  . . .     SeeInvis +     a - +0 war axe
rCold  . . .     Clarity  .     b - +0 scale mail
rNeg   . . .     SustAt   .     c - +0 shield
rPois  .         Gourm    .     (helmet unavailable)
rElec  .         Spirit   .     (no cloak)
rCorr  .         Warding  .     (no gloves)
rMut   .         Stasis   +     (no boots)
MR     .....                    (no amulet)
Stlth  ..........               (no ring)
                                (no ring)

@: not resistant to hostile enchantments, extremely unstealthy
A: permanent stasis, dig shafts and tunnels, four strong arms, antennae 3
a: Dig, Shaft Self


You were on level 4 of the Dungeon.
You were hungry.

You visited 1 branch of the dungeon, and saw 4 of its levels.

You collected 53 gold pieces.

Inventory:

Hand Weapons
 a - a +0 war axe (weapon)
Armour
 b - a +0 scale mail (worn)
 c - a +0 shield (worn)
Jewellery
 f - an uncursed ring of fire {unknown}
 g - a cursed ring of loudness {unknown}
 k - an uncursed ring of magical power {unknown}
 z - an uncursed ring of sustain attributes {unknown}
Scrolls
 h - 4 scrolls of remove curse {unknown}
 l - 2 scrolls of fog {unknown}
 m - a scroll of teleportation {unknown}
 n - a scroll of random uselessness {unknown}
 o - 3 scrolls of immolation {unknown}
 q - a scroll of magic mapping {unknown}
 r - a scroll of amnesia {unknown}
 v - 4 scrolls of identify {unknown}
 y - a scroll of noise {unknown}
Potions
 d - a potion of might
 i - a potion of lignification {unknown}
 s - a potion of invisibility
 t - a potion of brilliance {unknown}
 u - a potion of resistance {unknown}
 w - 2 potions of heal wounds {unknown}
 x - a potion of degeneration {unknown}
Comestibles
 e - 4 bread rations
 j - a beef jerky
 p - a slice of pizza


   Skills:
 + Level 4.7 Fighting
 + Level 3.2 Axes
 - Level 3.2 Armour
 - Level 3.6 Shields


You had 3 spell levels left.
You didn't know any spells.

Dungeon Overview and Level Annotations

Branches:
Dungeon (4/15)
 Temple: D:4-7

Altars:


Innate Abilities, Weirdness & Mutations

You are under a permanent stasis effect.
You can dig through walls and to a lower floor.
Your four strong arms can wield two-handed weapons with a shield.
You have a pair of large antennae on your head (SInv).


Message History

The ogre is heavily wounded.
You block the ogre's attack.
You barely miss the ogre.
The ogre is heavily wounded.
You block the ogre's attack.
You hit the ogre but do no damage.
The ogre is heavily wounded.
The ogre closely misses you. The ogre hits you with a giant club!
* * * LOW HITPOINT WARNING * * *
You slash the ogre!
The ogre is severely wounded.
The ogre hits you with a giant club.
* * * LOW HITPOINT WARNING * * *
You hit the ogre but do no damage.
The ogre is severely wounded.
You block the ogre's attack.
You barely miss the ogre.
The ogre is severely wounded.
The ogre hits you with a giant club!
You die...

#...#.###.###..........
##..#
#...........######
#..## ##.#..#.##.##
#...###.##..#.##.#
.....#......#.##.#
#..........##.##.###
#.###..#####.#.#...#
#...#.......###(.#
#........## ##@#
#.##.###..# #O## #. #.#
#.#.#.. # #.# #.##.#.
#.# #.####. #.# #.. ..
#.# #.. .# ... .


You could see an ogre.

Vanquished Creatures
  Terence (D:2)
  A gnoll (D:4)
  An ooze (D:1)
  3 giant geckos
  An orc (D:3)
  4 hobgoblins
  9 kobolds
  2 quokkas
  A ball python (D:2)
  4 bats
  A giant cockroach (D:2)
  3 giant newts
  4 goblins
  5 rats
40 creatures vanquished.

Notes
Turn   | Place    | Note
--------------------------------------------------------------
     0 | D:1      | Kloppie the Formicid Fighter began the quest for the Orb.
     0 | D:1      | Reached XP level 1. HP: 18/18 MP: 1/1
   120 | D:1      | Reached XP level 2. HP: 22/24 MP: 2/2
   464 | D:1      | Reached XP level 3. HP: 25/30 MP: 3/3
   472 | D:1      | Reached skill level 4 in Fighting
   801 | D:2      | Noticed Terence
   805 | D:2      | Killed Terence
   805 | D:2      | Reached XP level 4. HP: 35/38 MP: 4/4
  1734 | D:4      | Noticed an ogre
  1745 | D:4      | Slain by an ogre

Action                   |  1- 3 |  4- 6 || total
-------------------------+-------+-------++-------
Melee: War axe           |    57 |    66 ||   123
  Eat: Chunk             |       |     2 ||     2
